Dernière mise à jour: 2025-12-07 16:11:59
% Time on Ice - SPOKANE KNIGHTS
Lines # - Real PCT - Wanted PCT - Time Play
Normal Forward
1 - 30% - 30% - 14:06
2 - 29% - 30% - 13:37
3 - 29% - 30% - 13:45
4 - 12% - 10% - 5:55
Normal Defense
1 - 30% - 30% - 14:03
2 - 33% - 30% - 15:40
3 - 24% - 25% - 11:30
4 - 13% - 15% - 6:10
PP Forward
1 - 63% - 60% - 2:58
2 - 37% - 40% - 1:43
PP Defense
1 - 63% - 60% - 2:58
2 - 37% - 40% - 1:43
PK Forward
1 - 74% - 60% - 5:52
2 - 26% - 40% - 2:04
PK Defense
1 - 55% - 60% - 4:21
2 - 45% - 40% - 3:35
PK3 Forward
1 - 0% - 55%
2 - 0% - 45%
PK3 Defense
1 - 0% - 55%
2 - 0% - 45%
44 Forward
1 - 0% - 55%
2 - 0% - 45%
44 Defense
1 - 0% - 55%
2 - 0% - 45%
Last Minute Offensive  - 0:00
Last Minute Defensive  - 0:00
Total
Forward - 60:00
Defense - 60:00
% Time on Ice - VICTORIA GLADIATORS
Lines # - Real PCT - Wanted PCT - Time Play
Normal Forward
1 - 38% - 36% - 18:12
2 - 33% - 33% - 15:40
3 - 22% - 24% - 10:37
4 - 6% - 7% - 2:54
Normal Defense
1 - 41% - 40% - 19:34
2 - 35% - 35% - 16:38
3 - 24% - 25% - 11:11
4 - 0% - 0% - 0:00
PP Forward
1 - 52% - 60% - 4:07
2 - 48% - 40% - 3:49
PP Defense
1 - 47% - 60% - 3:44
2 - 53% - 40% - 4:12
PK Forward
1 - 91% - 60% - 4:15
2 - 9% - 40% - 0:26
PK Defense
1 - 43% - 60% - 2:02
2 - 57% - 40% - 2:39
PK3 Forward
1 - 0% - 55%
2 - 0% - 45%
PK3 Defense
1 - 0% - 55%
2 - 0% - 45%
44 Forward
1 - 0% - 55%
2 - 0% - 45%
44 Defense
1 - 0% - 55%
2 - 0% - 45%
Last Minute Offensive  - 0:00
Last Minute Defensive  - 0:00
Total
Forward - 60:00
Defense - 60:00
Play-by-Play 1st period 0:01 of 1st period - Mark Scheifele wins face-off versus Claude Giroux in neutral zone. 1:53 of 1st period - Lars Eller is hit by Niko Mikkola and loses puck. 3:50 of 1st period - Shot by Artemi Panarin. 3:50 of 1st period - Shot Misses the Net. 4:08 of 1st period - Shot by Artemi Panarin. 4:08 of 1st period - Shot Blocked by Kevin Stenlund. 4:10 of 1st period - Shot by Cam Fowler. 4:10 of 1st period - Shot Misses the Net. 4:36 of 1st period - Shot by Mason Appleton. 4:36 of 1st period - Shot Misses the Net. 4:44 of 1st period - Icing by Jan Rutta. 4:45 of 1st period - Cole Sillinger wins face-off versus Jordan Martinook in VICTORIA GLADIATORS zone. 4:58 of 1st period - Shot by Quinton Byfield. 4:58 of 1st period - Stopped by Jake Oettinger without a rebound. 4:59 of 1st period - Lars Eller wins face-off versus Mikael Granlund in VICTORIA GLADIATORS zone. 5:17 of 1st period - Frank Vatrano is hit by Radko Gudas and loses puck. 5:24 of 1st period - Shot by Matt Duchene. 5:24 of 1st period - Stopped by Alex Lyon without a rebound. 5:25 of 1st period - Mark Scheifele wins face-off versus Quinton Byfield in SPOKANE KNIGHTS zone. 5:36 of 1st period - Shot by Mark Scheifele. 5:36 of 1st period - Stopped by Alex Lyon without a rebound. 5:37 of 1st period - Adam Lowry wins face-off versus Claude Giroux in SPOKANE KNIGHTS zone. 5:41 of 1st period - Minor Penalty to Adam Lowry for Delaying the game. 5:42 of 1st period - Claude Giroux wins face-off versus Conor Garland in VICTORIA GLADIATORS zone. 5:47 of 1st period - Shot by Dylan Guenther. 5:47 of 1st period - Deflect By Quinton Byfield. 5:47 of 1st period - Stopped by Jake Oettinger without a rebound. 5:48 of 1st period - Claude Giroux wins face-off versus Conor Garland in VICTORIA GLADIATORS zone. 6:08 of 1st period - Shot by Evan Bouchard. 6:08 of 1st period - Shot Misses the Net. 6:48 of 1st period - Nick Jensen is hit by Frank Vatrano. 7:36 of 1st period - Shot by Evan Bouchard. 7:36 of 1st period - Stopped by Jake Oettinger without a rebound. 7:37 of 1st period - Claude Giroux wins face-off versus Conor Garland in VICTORIA GLADIATORS zone. 7:37 of 1st period - Claude Giroux is hit by Niko Mikkola. 7:56 of 1st period - Icing by Kyle Burroughs. 7:57 of 1st period - Kevin Stenlund wins face-off versus Jordan Martinook in SPOKANE KNIGHTS zone. 7:57 of 1st period - Joseph Veleno is hit by Daniel Sprong and loses puck. 8:16 of 1st period - Shot by Daniel Sprong. 8:16 of 1st period - Stopped by Alex Lyon without a rebound. 8:17 of 1st period - Mark Scheifele wins face-off versus Cole Sillinger in SPOKANE KNIGHTS zone. 8:18 of 1st period - Shot by Cam Fowler. 8:18 of 1st period - Shot Blocked by Adam Fox. 8:25 of 1st period - Icing by Cole Sillinger. 8:26 of 1st period - Quinton Byfield wins face-off versus Mark Scheifele in SPOKANE KNIGHTS zone. 8:52 of 1st period - Minor Penalty to Evan Bouchard for High sticking. 8:53 of 1st period - Mikael Granlund wins face-off versus Anthony Cirelli in SPOKANE KNIGHTS zone. 9:10 of 1st period - Anthony Cirelli is hit by Daniel Sprong and loses puck. 9:59 of 1st period - Shot by Justin Faulk. 9:59 of 1st period - Shot Misses the Net. 10:16 of 1st period - Icing by Artemi Panarin. 10:17 of 1st period - Anthony Cirelli wins face-off versus David Pastrnak in VICTORIA GLADIATORS zone. 10:34 of 1st period - Tyler Myers is hit by Artemi Panarin and loses puck. 11:17 of 1st period - Shot by Ridly Greig. 11:17 of 1st period - Shot Misses the Net. 11:19 of 1st period - Shot by Ridly Greig. 11:19 of 1st period - Stopped by Jake Oettinger without a rebound. 11:20 of 1st period - Lars Eller wins face-off versus Mikael Granlund in VICTORIA GLADIATORS zone. 11:36 of 1st period - Mikael Granlund is hit by Anthony Duclair and loses puck. 11:55 of 1st period - Icing by Matt Duchene. 11:56 of 1st period - Claude Giroux wins face-off versus Mikael Granlund in VICTORIA GLADIATORS zone. 12:05 of 1st period - Off-side. 12:06 of 1st period - Cole Sillinger wins face-off versus Artemi Panarin in neutral zone. 13:15 of 1st period - Shot by Dylan Guenther. 13:15 of 1st period - Shot Blocked by Frank Vatrano. 13:51 of 1st period - Nick Seeler is hit by Dylan Guenther and loses puck. 14:02 of 1st period - Shot by Lars Eller. 14:02 of 1st period - Shot Blocked by Troy Stecher. 14:11 of 1st period - Matt Duchene is hit by Kyle Burroughs and loses puck. 14:22 of 1st period - Shot by Lars Eller. 14:22 of 1st period - Stopped by Jake Oettinger without a rebound. 14:23 of 1st period - Adam Lowry wins face-off versus Cole Sillinger in VICTORIA GLADIATORS zone. 14:27 of 1st period - Off-side. 14:28 of 1st period - Adam Lowry wins face-off versus Cole Sillinger in neutral zone. 14:55 of 1st period - Evan Bouchard is hit by Adam Lowry. 14:56 of 1st period - Icing by Evan Bouchard. 14:57 of 1st period - Mark Scheifele wins face-off versus Cole Sillinger in SPOKANE KNIGHTS zone. 15:00 of 1st period - Shot by David Pastrnak. 15:00 of 1st period - Stopped by Alex Lyon without a rebound. 15:01 of 1st period - Lars Eller wins face-off versus Mark Scheifele in SPOKANE KNIGHTS zone. 15:01 of 1st period - Lars Eller is hit by David Pastrnak. 15:04 of 1st period - Icing by Tyler Myers. 15:05 of 1st period - Mark Scheifele wins face-off versus Lars Eller in SPOKANE KNIGHTS zone. 15:08 of 1st period - Shot by Mark Scheifele. 15:08 of 1st period - Shot Misses the Net. 15:47 of 1st period - Shot by Anthony Duclair. 15:47 of 1st period - Stopped by Jake Oettinger with a rebound. 16:17 of 1st period - Shot by Claude Giroux. 16:17 of 1st period - Shot Misses the Net. 16:19 of 1st period - Shot by Adam Fox. 16:19 of 1st period - Stopped by Jake Oettinger with a rebound. 16:21 of 1st period - Shot by Claude Giroux. 16:21 of 1st period - Stopped by Jake Oettinger without a rebound. 16:22 of 1st period - Mikael Granlund wins face-off versus Cole Sillinger in VICTORIA GLADIATORS zone. 16:34 of 1st period - Icing by Nick Jensen. 16:35 of 1st period - Cole Sillinger wins face-off versus Adam Lowry in SPOKANE KNIGHTS zone. 17:08 of 1st period - Troy Stecher is hit by Quinton Byfield and loses puck. 17:28 of 1st period - Icing by Troy Stecher. 17:29 of 1st period - Adam Lowry wins face-off versus Logan O'Connor in VICTORIA GLADIATORS zone. 17:29 of 1st period - Jake Evans is hit by Logan O'Connor. 17:56 of 1st period - Off-side. 17:57 of 1st period - David Pastrnak wins face-off versus Claude Giroux in neutral zone. 18:13 of 1st period - Off-side. 18:14 of 1st period - Mikael Granlund wins face-off versus Cole Sillinger in neutral zone. 18:39 of 1st period - Evan Bouchard is hit by Frank Vatrano and loses puck. 18:43 of 1st period - Icing by Quinton Byfield. 18:44 of 1st period - Mark Scheifele wins face-off versus Cole Sillinger in SPOKANE KNIGHTS zone. 19:23 of 1st period - Shot by Artemi Panarin. 19:23 of 1st period - Stopped by Alex Lyon without a rebound. 19:24 of 1st period - Mikael Granlund wins face-off versus Lars Eller in SPOKANE KNIGHTS zone. 19:27 of 1st period - Shot by Mikael Granlund. 19:27 of 1st period - Stopped by Alex Lyon without a rebound. 19:28 of 1st period - Lars Eller wins face-off versus Mikael Granlund in SPOKANE KNIGHTS zone. 19:37 of 1st period - Shot by Logan O'Connor. 19:37 of 1st period - Deflect By Anthony Duclair. 19:37 of 1st period - Stopped by Jake Oettinger without a rebound. 19:38 of 1st period - Claude Giroux wins face-off versus Mikael Granlund in VICTORIA GLADIATORS zone. Goals for this period are 0 for SPOKANE KNIGHTS vs 0 for VICTORIA GLADIATORS. Shots for this period are 9 for SPOKANE KNIGHTS vs 6 for VICTORIA GLADIATORS. 2nd period 0:01 of 2nd period - Adam Lowry wins face-off versus Lars Eller in neutral zone. 0:01 of 2nd period - Conor Garland is hit by Anthony Duclair and loses puck. 0:09 of 2nd period - Jake Evans is hit by Radko Gudas and loses puck. 1:37 of 2nd period - Shot by Adam Fox. 1:37 of 2nd period - Stopped by Jake Oettinger without a rebound. 1:38 of 2nd period - Mikael Granlund wins face-off versus Connor Zary in VICTORIA GLADIATORS zone. 1:46 of 2nd period - Icing by Kyle Burroughs. 1:47 of 2nd period - Cole Sillinger wins face-off versus Matt Duchene in SPOKANE KNIGHTS zone. 1:54 of 2nd period - Shot by Cole Sillinger. 1:54 of 2nd period - Stopped by Jake Oettinger without a rebound. 1:55 of 2nd period - Mark Scheifele wins face-off versus Lars Eller in VICTORIA GLADIATORS zone. 1:55 of 2nd period - Mark Scheifele is hit by Anthony Duclair. 2:05 of 2nd period - Shot by Mark Scheifele. 2:05 of 2nd period - Deflect By Artemi Panarin. 2:05 of 2nd period - Stopped by Alex Lyon with a rebound. 2:07 of 2nd period - Shot by Justin Faulk. 2:07 of 2nd period - Stopped by Alex Lyon without a rebound. 2:08 of 2nd period - Mikael Granlund wins face-off versus Anthony Cirelli in SPOKANE KNIGHTS zone. 2:20 of 2nd period - Off-side. 2:21 of 2nd period - Lars Eller wins face-off versus Mark Scheifele in neutral zone. 2:28 of 2nd period - Shot by Logan O'Connor. 2:28 of 2nd period - Shot Blocked by Cam Fowler. 2:34 of 2nd period - Shot by Lars Eller. 2:34 of 2nd period - Stopped by Jake Oettinger without a rebound. 2:35 of 2nd period - Mikael Granlund wins face-off versus Claude Giroux in VICTORIA GLADIATORS zone. 2:35 of 2nd period - Mikael Granlund is hit by Anthony Cirelli. 2:51 of 2nd period - Minor Penalty to Frank Vatrano for Interference. 2:52 of 2nd period - Lars Eller wins face-off versus Adam Lowry in VICTORIA GLADIATORS zone. 3:08 of 2nd period - Shot by Anthony Duclair. 3:08 of 2nd period - Stopped by Jake Oettinger with a rebound. 3:12 of 2nd period - Shot by Cole Sillinger. 3:12 of 2nd period - Goal by Cole Sillinger - SPOKANE KNIGHTS : 1 - VICTORIA GLADIATORS : 0. 3:13 of 2nd period - Mark Scheifele wins face-off versus Claude Giroux in neutral zone. 3:18 of 2nd period - Shot by David Pastrnak. 3:18 of 2nd period - Goal by David Pastrnak - SPOKANE KNIGHTS : 1 - VICTORIA GLADIATORS : 1. 3:19 of 2nd period - Lars Eller wins face-off versus Mark Scheifele in neutral zone. 3:32 of 2nd period - Shot by Artemi Panarin. 3:32 of 2nd period - Stopped by Alex Lyon without a rebound. 3:33 of 2nd period - Mikael Granlund wins face-off versus Connor Zary in SPOKANE KNIGHTS zone. 3:48 of 2nd period - Shot by Frank Vatrano. 3:48 of 2nd period - Stopped by Alex Lyon without a rebound. 3:49 of 2nd period - Mark Scheifele wins face-off versus Lars Eller in SPOKANE KNIGHTS zone. 4:50 of 2nd period - Shot by Frank Vatrano. 4:50 of 2nd period - Shot Blocked by Lars Eller. 5:15 of 2nd period - Shot by Mikael Granlund. 5:15 of 2nd period - Stopped by Alex Lyon without a rebound. 5:16 of 2nd period - Claude Giroux wins face-off versus Conor Garland in SPOKANE KNIGHTS zone. 5:21 of 2nd period - Shot by Anthony Cirelli. 5:21 of 2nd period - Stopped by Jake Oettinger without a rebound. 5:22 of 2nd period - Adam Lowry wins face-off versus Claude Giroux in VICTORIA GLADIATORS zone. 5:37 of 2nd period - Shot by Anthony Cirelli. 5:37 of 2nd period - Stopped by Jake Oettinger without a rebound. 5:38 of 2nd period - Mikael Granlund wins face-off versus Cole Sillinger in VICTORIA GLADIATORS zone. 5:48 of 2nd period - Shot by Frank Vatrano. 5:48 of 2nd period - Stopped by Alex Lyon without a rebound. 5:49 of 2nd period - Dylan Guenther wins face-off versus Mark Scheifele in SPOKANE KNIGHTS zone. 6:01 of 2nd period - Shot by Artemi Panarin. 6:01 of 2nd period - Stopped by Alex Lyon without a rebound. 6:02 of 2nd period - Matt Duchene wins face-off versus Cole Sillinger in SPOKANE KNIGHTS z